 Dungeon Sprint DCSS version 0.17.2-1-ge4368a0 (webtiles) character file.

31 Goblin1989 the Sneak (level 3, 16/19 HPs)
             Began as a Spriggan Assassin on Mar 31, 2017.
             Quit the game in the Dungeon (Sprint III: "The Ten Rune Challenge").
             The game lasted 00:00:45 (29 turns).

Goblin1989 the Sneak (Spriggan Assassin)              Turns: 29, Time: 00:00:45

Health: 16/19      AC:  3    Str:  7    XL:     3   Next: 7%
Magic:  4/4        EV: 19    Int: 12    God:
Gold:   0          SH:  0    Dex: 18    Spells: 0 memorised, 2 levels left

rFire  . . .     SeeInvis +     a - +2 dagger
rCold  . . .     Clarity  .     c - +0 robe
rNeg   . . .     SustAt   .     (shield restricted)
rPois  .         Gourm    .     (helmet restricted)
rElec  .         Spirit   .     d - +0 cloak
rCorr  .         Warding  .     (gloves unavailable)
rMut   .         NoTele   +     (boots unavailable)
MR     .....                    (no amulet)
Stlth  ++++......               (no ring)
                                (no ring)

@: very quick, not resistant to hostile enchantments, stealthy
A: unfitting armour, see invisible, herbivore 3, speed 3, slow metabolism 2
a: no special abilities


You were in the Dungeon.
You were not hungry.

You visited 1 branch

Inventory:

Hand Weapons
 a - a +2 dagger (weapon)
 w - a +0 blowgun {@w1}
Missiles
 f - 2 curare-tipped needles
 g - 8 poisoned needles
Armour
 c - a +0 robe (worn)
 d - a +0 cloak (worn)
Scrolls
 B - a scroll of blinking
Potions
 h - 2 potions of curing {@q1}
 i - a potion of heal wounds
 j - a potion of haste
 k - 2 potions of magic
 l - a potion of berserk rage
Comestibles
 e - a bread ration {@e1}


   Skills:
 - Level 2.6 Fighting
 - Level 3.6 Short Blades
 - Level 3.5 Throwing
 - Level 4.0 Dodging
 + Level 7.1 Stealth


You had 2 spell levels left.
You didn't know any spells.

Dungeon Overview and Level Annotations

Branches:
Dungeon (1/1)

Altars:


Innate Abilities, Weirdness & Mutations

You are tiny and cannot use many weapons and most armour.
You have supernaturally acute eyesight.
You are a herbivore.
You cover ground extremely quickly.
You need consume almost no food.


Message History

w - a +0 blowgun;
e - a bread ration;
g - 8 poisoned needles
B - a scroll of blinking Welcome, Goblin1989 the Spriggan Assassin.
Press ? for a list of commands and other information.
Found a staircase leading out of the dungeon.
An ooze comes into view.
A rat comes into view.
The helpless ooze fails to defend itself.
You stick the ooze like a pincushion!!!
You kill the ooze!
Your Dodging skill increases to level 2!
Your Stealth skill increases to level 6!
The helpless rat fails to defend itself.
You spit the rat like a pig!!!
You kill the rat!
h - 2 potions of curing {@q1} (gained 1) Marking area around Jessica as unsafe for travelling.
Jessica the Apprentice Sorceress comes into view.
A rat comes into view.
The helpless Jessica fails to defend herself.
You impale Jessica!!
You kill Jessica!
Your Fighting skill increases to level 2!
Your Short Blades skill increases to level 3!
Your Throwing skill increases to level 3!
Your Dodging skill gained 2 levels and is now at level 4!
Your Stealth skill increases to level 7!
You have reached level 2!
You have reached level 3!
Your experience leads to an increase in your attributes!
Increase (S)trength, (I)ntelligence, or (D)exterity?
You feel agile.
You regained 6 hp, and now have 16/19 hp.
MP restored: 4 Unknown command.
Are you sure you want to abandon this character and quit the game? (Confirm with "yes".)

▓▓▓▓▓▓▓▓▓
▓<..█(..████
▓...█......██
▓..██.......█
▓██.██.██.@[█
██.██.███..█
▓█.████.██..█
▓.███..██..██
▓█.....█ ..█
███..██r..█
██..██ ...█
█..██ ..██.
█..█


You could see a rat (sleeping).

Vanquished Creatures
  Jessica (D)
  An ooze (D)
  A rat (D)
3 creatures vanquished.

Vanquished Creatures (others)
  A plant (D)
1 creature vanquished.

Grand Total: 4 creatures vanquished

Notes
Turn   | Place    | Note
--------------------------------------------------------------
     0 | D        | Goblin1989 the Spriggan Assassin began the quest for the Orb.
     0 | D        | Reached XP level 1. HP: 10/10 MP: 2/2
     9 | D        | Reached skill level 6 in Stealth
    24 | D        | Noticed Jessica
    28 | D        | Killed Jessica
    28 | D        | Reached skill level 7 in Stealth
    28 | D        | Reached XP level 2. HP: 14/16 MP: 3/3
    28 | D        | Reached XP level 3. HP: 16/19 MP: 4/4
    29 | D        | Quit the game

Action                   || total
-------------------------++-------
Melee: Dagger            ||     3
 Stab: Sleeping          ||     3

Vault maps used:
D:        dungeon_sprint_mu
